 Dungeon Crawl Stone Soup version 0.31-a0-222-gefeffbb62a (webtiles) character file.

Game seed: 3020604357409769418

48 qw the Chopper (level 3, -6/23 HPs)
             Began as a Gargoyle Fighter on July 4, 2023.
             Mangled by a gnoll
             ... wielding a +0 halberd
              (7 damage)
             ... on level 3 of the Dungeon.
             The game lasted 00:00:28 (1174 turns).

qw the Chopper (Gargoyle Fighter)                   Turns: 1174, Time: 00:00:29

Health: -6/23      AC: 12    Str: 21    XL:     3   Next: 72%
Magic:  3/3        EV:  9    Int:  8    God:
Gold:   68         SH:  4    Dex:  9    Spells: 2/2 levels left

rFire   . . .        Y - +0 war axe
rCold   . . .        c - +0 buckler
rNeg    + . .        b - +0 scale mail
rPois   inf          (no helmet)
rElec   +            g - +0 cloak
rCorr   .            a - +0 pair of gloves
SInv    .            (no boots)
Will    .....        (no amulet) Stlth
                     (no ring)
HPRegen 0.23/turn    (no ring)
MPRegen 0.08/turn

%: no passive effects
@: no status effects
A: sickness immunity, AC +3, negative energy resistance 1, electricity
resistance, torment resistance 1, petrification resistance
a: no special abilities


You were on level 3 of the Dungeon.
You visited 1 branch of the dungeon, and saw 3 of its levels.

You collected 68 gold pieces.


Innate Abilities, Weirdness & Mutations

You are immune to sickness and miasma.
Your stone body is resilient. (AC +3)
You are immune to poison.
You resist negative energy. (rN+)
You are resistant to electric shocks. (rElec)
You are resistant to unholy torment.
You are immune to petrification.


   Skills:
 - Level 3.2 Fighting
 + Level 3.6 Axes
 - Level 3.2 Armour
 - Level 3.2 Shields


You had 2 spell levels left.
You didn't know any spells.
Your spell library was empty.

Inventory:

Hand Weapons
 i - a +0 eveningstar
 Y - a +0 war axe (weapon)
Armour
 a - a +0 pair of gloves (worn)
 b - a +0 scale mail (worn)
 c - a +0 buckler (worn)
 e - the scarf "Forget-Me-Not" {rC+ rF+, -Tele rElec rPois rN+}
   (You acquired it on level 2 of the Dungeon)

   rElec:     It insulates you from electricity.
   rPois:     It protects you from poison.
   rN:        It protects you from negative energy.
   -Tele:     It prevents most forms of teleportation.
 g - a +0 cloak (worn)
 h - a +0 chain mail
Potions
 d - a potion of might
 f - a potion of degeneration {unknown}
 j - a potion of attraction {unknown}
 l - a potion of enlightenment {unknown}

Dungeon Overview and Level Annotations

Branches:
Dungeon (3/15)

Altars:
Cheibriados

Shops:
D:1 [


Message History

You barely miss the adder. You hit the rat.
You kill the rat!
The adder bites you but does no damage.
A gnoll comes into view. It is wielding a +0 halberd.
The adder bites you.
You closely miss the adder. The adder bites you.
You barely miss the adder. The adder closely misses you.
The adder bites you but does no damage.
A gnoll comes into view. It is wielding a +0 club.
You miss the adder.
The adder bites you but does no damage. x2
You slash the gnoll!
You kill the gnoll!
You closely miss the adder. You block the adder's attack.
The adder bites you but does no damage. The gnoll barely misses you.
You completely miss the adder. You barely miss the rat.
The adder bites you but does no damage. The rat barely misses you.
The gnoll hits you from afar with a +0 halberd.
A rat comes into view.
The adder bites you but does no damage.
You slash the adder!
You kill the adder!
You barely miss the rat. The rat misses you.
The gnoll hits you but does no damage.
You slash the rat!
You kill the rat!
The gnoll closely misses you.
The gnoll hits you from afar with a +0 halberd!
The gnoll barely misses you.
You closely miss the gnoll. You block the gnoll's attack.
The gnoll hits you but does no damage.
You closely miss the gnoll. The gnoll hits you but does no damage.
The gnoll misses you.
You barely miss the gnoll.
The gnoll hits you from afar with a +0 halberd!
The gnoll hits you with a +0 club.
The gnoll hits you from afar with a +0 halberd!
You die...

..........S. #......?....
...?.....S. ........ ..
..... ....###..# .......rg#
)...###g)##.# . #@##..#
#.#...# ####.#._.# ####
#........# #...
#.######........# #...
................####### #...
#.######..............###...
#........#####.......
#........# #####...


You could see 2 gnolls and a rat.

Vanquished Creatures
  A gnoll (D:3)
  2 adders (D:3)
  A dart slug (D:1)
  A hobgoblin (D:1)
  3 jackals (D:1)
  3 kobolds
  3 bats
  2 frilled lizards
  3 rats (D:3)
19 creatures vanquished.

Notes
Turn   | Place    | Note
-------+----------+-------------------------------------------
     0 | D:1      | qw the Gargoyle Fighter began the quest for the Orb.
     0 | D:1      | Reached XP level 1. HP: 14/14 MP: 1/1
     0 | D:1      | 0 ||| qw: Version: 0.3-a-46-gb1f654a
     0 | D:1      | 0 ||| qw: Game counter: 940
     0 | D:1      | 0 ||| qw: Melee chars always use a shield: true
     0 | D:1      | 0 ||| qw: God list: Okawaru
     0 | D:1      | 0 ||| qw: Allow faded altars: false
     0 | D:1      | 0 ||| qw: Do Orc after clearing Dungeon:15 true
     0 | D:1      | 0 ||| qw: Do second Lair branch before Depths: true
     0 | D:1      | 0 ||| qw: Lair rune preference: random
     0 | D:1      | 0 ||| qw: Goals: Normal, Zot:1-4, Slime:5, God:TSO, Crypt,
                  | Tomb, Abyss, Pan, Hells, Win
     0 | D:1      | 0 ||| PLANNING D:1-11
   237 | D:1      | Reached XP level 2. HP: 19/19 MP: 2/2
   411 | D:1      | Found Giacledi's Armour Shoppe.
   419 | D:1      | 419 ||| SHOPLISTING +0 pair of gloves (45 gold, have 36).
   419 | D:1      | 419 ||| SHOPLISTING +1 cloak of the Trilobite {rF+} (235
                  | gold, have 36).
   419 | D:1      | 419 ||| SHOPLISTING +3 chain mail of cold resistance (265
                  | gold, have 36).
   544 | D:1      | 544 ||| UPGRADING to +0 cloak.
   549 | D:1      | 549 ||| READING scroll labelled BOHETI USIPLI.
   550 | D:1      | 550 ||| READING 2 scrolls labelled FERENE GAET NOLEAT.
   551 | D:1      | 551 ||| READING scroll labelled YCSA FEYFOGYCANE.
   555 | D:1      | 555 ||| READING scroll labelled OTI SALOQU.
   556 | D:1      | 556 ||| DROPPING scroll of fear.
   574 | D:2      | Found a faded altar of an unknown god.
   723 | D:2      | 723 ||| DROPPING +0 mace.
   949 | D:2      | 949 ||| UPGRADING to +0 pair of gloves.
   954 | D:2      | 954 ||| READING scroll labelled TOSANIV GAJEE.
   954 | D:2      | Identified a scroll of acquirement
   954 | D:2      | 954 ||| ACQUIRING scarf "Forget-Me-Not" {rC+ rF+, -Tele
                  | rElec rPois rN+}
   954 | D:2      | Acquired the scarf "Forget-Me-Not" {rC+ rF+, -Tele rElec
                  | rPois rN+}
   956 | D:2      | 956 ||| READING scroll labelled CUFUODWA JONI.
   957 | D:2      | 957 ||| DRINKING 2 white potions.
  1062 | D:2      | 1062 ||| DROPPING potion of berserk rage.
  1121 | D:3      | Reached skill level 3 in Axes
  1124 | D:3      | Found a snail-covered altar of Cheibriados.
  1133 | D:3      | Reached XP level 3. HP: 23/23 MP: 3/3
  1150 | D:3      | 1150 ||| Stepping ~*~*~tactically~*~*~ (stealth).
  1152 | D:3      | 1152 ||| Stepping ~*~*~tactically~*~*~ (stealth).
  1174 | D:3      | HP: 2/23 [gnoll/+0 halberd (7)]
  1174 | D:3      | Mangled by a gnoll

Levels and vault maps discovered:
D:1:      tarquinn_simple_flora_water_d, layout_rooms, serial_shops,
          nicolae_shop_scrapyard, serial_forest, infiniplex_forest_end_2,
          infiniplex_forest_pool, infiniplex_forest_zigzag_2,
          infiniplex_forest_lined_corner, infiniplex_forest_clump_diagonal
D:2:      layout_basic, shapermc_ecumenical_altar_gd, serial_bayou_lake_a
D:3:      layout_rooms, cheibriados_altar_1, uniq_natasha,
          uniq_crazy_yiuf_cottage

Skill      XL: |  1  2 |
---------------+-------+-----
Axes           | 2 3 |  3.6
Fighting       | |  3.2
Armour         | |  3.2
Shields        | |  3.2

Action                     || total
---------------------------++-------
  Melee: War axe           ||    45
    Use: Scroll            ||     6
         Potion            ||     1
 Armour: Scale mail        ||    30
  Dodge: Dodged            ||    21
  Block: Buckler           ||     6

Table legend:
 A = Non-vault XP
 B = Vault XP
 C = Vault XP percentage of total XP
 D = Non-vault monster count
 E = Vault monster count
 F = Vault count percentage of total count
                 A         B        C        D         E       F
            +---------+---------+-------+---------+---------+-------
      Total |      69 |       0 |   0.0 |      19 |       0 |   0.0
            +---------+---------+-------+---------+---------+-------
        D:1 |      15 |       0 |   0.0 |       7 |       0 |   0.0
        D:2 |       4 |       0 |   0.0 |       3 |       0 |   0.0
        D:3 |      50 |       0 |   0.0 |       9 |       0 |   0.0
            +---------+---------+-------+---------+---------+-------
